 Dungeon Crawl Stone Soup version 0.26.1-15-g04117e645d (webtiles) character file.

Game seed: 11823038735088347037

287 suipiss the Chiller (level 6, -4/42 HPs)
             Began as a Demonspawn Ice Elementalist on Dec 15, 2022.
             Slain by Grinder (5 damage)
             ... while paralysed by Grinder
             ... on level 3 of the Dungeon.
             The game lasted 00:05:39 (3218 turns).

suipiss the Chiller (Demonspawn Ice Elementalist)   Turns: 3218, Time: 00:05:40

Health: -4/42      AC:  3    Str: 12 (15) XL:     6   Next: 8%
Magic:  9/11       EV:  2    Int: 17 (18) God:
Gold:   92         SH:  0    Dex: 11 (13) Spells: 8/12 levels left

rFire    x . .     SeeInvis .   f - +1 dagger (drain)
rCold    + . .     Faith    .   (no shield)
rNeg     . . .     Spirit   .   h - +0 leather armour
rPois    .         Reflect  .   (no helmet)
rElec    .         Harm     .   (no cloak)
rCorr    .         Rampage  .   (no gloves)
Will     .....                  (no boots)
Stlth    +.........             (no amulet)
HPRegen  0.14/turn              b - +6 ring of strength
MPRegen  0.12/turn              i - ring of ice

@: paralysed, agile, attractive
A: hooves 2, powered by pain 1, sturdy frame 1
a: no special abilities


You were on level 3 of the Dungeon.
You visited 1 branch of the dungeon, and saw 3 of its levels.

You collected 92 gold pieces.

Inventory:

Hand Weapons
 c - a +0 short sword
 f - a +1 dagger of draining (weapon)
Armour
 a - a +0 robe
 h - a +0 leather armour (worn)
Jewellery
 b - a +6 ring of strength (left hand)
 i - a ring of ice (right hand)
Scrolls
 d - a scroll of identify
 e - 5 scrolls of remove curse {unknown}
 g - a scroll of magic mapping {unknown}
Potions
 l - a potion of might {unknown}
 m - a potion of lignification {unknown}
 n - a potion of heal wounds {unknown}


   Skills:
 + Level 0.8 Fighting
 + Level 0.7 Short Blades
 + Level 2.0 Dodging
 + Level 2.0 Stealth
 * Level 3.9 Spellcasting
 * Level 5.3 Ice Magic


You had 8 spell levels left.
You knew the following spells:

 Your Spells              Type           Power        Failure   Level
a - Freeze                Ice            100%         1%          1
b - Frozen Ramparts       Ice            64%          5%          3

Your spell library contained the following spells:

 Spells                   Type           Power        Failure   Level
 Ozocubu's Armour         Ice            32%          5%          3
 Hailstorm                Conj/Ice       18%          50%         4
 Summon Ice Beast         Ice/Summ       18%          50%         4


Dungeon Overview and Level Annotations

Branches:
Dungeon (3/15)

Altars:

Annotations:
D:3 Grinder


Innate Abilities, Weirdness & Mutations

You have hoof-like feet.
You sometimes gain a little power by taking damage.
Your movements are slightly less encumbered by armour. (ER -2)


Message History

You feel attractive to monsters.
Grinder completely resists.
The wall freezes Grinder but does no damage.
Grinder blinks!
Grinder is pulled toward you!
It was a potion of degeneration.
There was something very wrong with that liquid.
You feel weakened.
You feel dopey.
You feel clumsy.
Grinder completely resists.
The wall freezes Grinder but does no damage.
Grinder hits you.
* * * LOW HITPOINT WARNING * * *
You writhe in agony.
* * * LOW HITPOINT WARNING * * *
The wall freezes Grinder but does no damage.
Grinder gestures at you.
You suddenly lose the ability to move!
The frozen ramparts melt away.
Grinder hits you.
* * * LOW HITPOINT WARNING * * *
You writhe in agony.
You die...

$#. ... .. .
##.## .. .. #...#
.##..# #####
#...# ###.....#
....# #...#
#...#.r.. .##.# #
#...#####.$...#
.##.#.#
#.....5@#....##.
....#.#
#.......†........
#.#.#.#
#.......#>..#.#.#
.######
#...#.#####.# # #
..#.# #...#.# .#b
#..## #..)#.#
.#.# #.## #
#...#.# # .#.#
#.# #.##.##.#.#
#.# #.#
#..((...#P#


You could see Grinder (fast).

Vanquished Creatures
  Sigmund (D:2)
  A bullfrog skeleton (D:2)
  An adder (D:3)
  3 gnolls (D:2)
  2 oozes (D:1)
  A worm (D:3)
  3 dart slugs
  A ball python (D:1)
  4 bats
  2 giant cockroaches
  8 goblins
  7 hobgoblins
  2 jackals (D:2)
  11 kobolds
  2 quokkas
  3 frilled lizards
  10 rats
62 creatures vanquished.

Notes
Turn   | Place    | Note
-------+----------+-------------------------------------------
     0 | D:1      | suipiss the Demonspawn Ice Elementalist began the quest for
                  | the Orb.
     0 | D:1      | Reached XP level 1. HP: 13/13 MP: 3/3
   277 | D:1      | Gained mutation: You sometimes gain a little power by
                  | taking damage. [demonic ancestry]
   277 | D:1      | Reached XP level 2. HP: 19/19 MP: 1/5
   281 | D:1      | Reached skill level 4 in Ice Magic
  1156 | D:1      | Gained mutation: Your movements are slightly less
                  | encumbered by armour. (ER -2) [demonic ancestry]
  1156 | D:1      | Reached XP level 3. HP: 21/24 MP: 1/6
  1160 | D:1      | Learned a level 3 spell: Frozen Ramparts
  1852 | D:2      | Gained mutation: You have large cloven feet. [demonic
                  | ancestry]
  1852 | D:2      | Reached XP level 4. HP: 18/30 MP: 4/8
  2184 | D:2      | Noticed Sigmund
  2261 | D:2      | Killed Sigmund
  2262 | D:2      | Reached skill level 5 in Ice Magic
  2262 | D:2      | Reached XP level 5. HP: 15/36 MP: 3/10
  2785 | D:2      | Gained mutation: You have hoof-like feet. [demonic
                  | ancestry]
  2785 | D:2      | Reached XP level 6. HP: 11/42 MP: 8/11
  3203 | D:3      | Noticed Grinder
  3217 | D:3      | Paralysed by Grinder for 4 turns
  3218 | D:3      | HP: 1/42 [Grinder (2)]
  3218 | D:3      | Slain by Grinder

Illustrated notes

Levels and vault maps discovered:
D:1:      dpeg_arrival_rhombi, layout_loops_cross, minmay_pentomino_x4
D:2:      layout_rooms, minivault_27, uniq_sigmund
D:3:      layout_loops_cross, nicolae_dithmenos_through_a_glass_darkly,
          serial_aquarium, aquarium_bridge_straight [aquarium_subvault_bridge,
          aquarium_subvault_wall, aquarium_subvault_bridge,
          aquarium_subvault_wall], aquarium_bridge_long_joined
          [aquarium_subvault_window, aquarium_subvault_bridge,
          aquarium_subvault_wall, aquarium_subvault_window,
          aquarium_subvault_bridge, aquarium_subvault_window],
          aquarium_window_fake, aquarium_window_1, aquarium_window_fake,
          aquarium_window_fake, aquarium_view_2c, aquarium_balcony_3a,
          aquarium_pool_2, uniq_grinder

Skill      XL: |  1  2  3  4  5 |
---------------+----------------+-----
Ice Magic      | 4 5 |  5.3
Stealth        | 2 |  2.0
Spellcasting   | 3 |  3.9
Dodging        | 2 |  2.0
Fighting       | |  0.8
Short Blades   | |  0.7

Action                   |  1- 3 |  4- 6 || total
-------------------------+-------+-------++-------
Melee: Unarmed           |     1 |       ||     1
       Short sword       |    14 |       ||    14
       Dagger            |    17 |    54 ||    71
       Kick              |       |    11 ||    11
 Cast: Freeze            |    41 |       ||    41
       Frozen Ramparts   |     3 |     8 ||    11
  Use: Scroll            |     1 |       ||     1
       Potion            |       |     6 ||     6
 Stab: Sleeping          |     3 |     2 ||     5
Armor: Robe              |    10 |       ||    10
       Leather armour    |       |    11 ||    11
Dodge: Dodged            |    38 |    32 ||    70
